 Dungeon Crawl Stone Soup version 0.27-a0-1191-g601b473118 (webtiles) character file.

Game seed: 10624858884862739437

176 1player the Insei (level 5, -15/35 HPs)
             Began as an Octopode Transmuter on May 24, 2021.
             Was an Initiate of Wu Jian.
             Demolished by an ogre
             ... wielding a +0 giant club
              (24 damage)
             ... on level 4 of the Dungeon.
             The game lasted 00:11:16 (4081 turns).

1player the Insei (Octopode Transmuter)             Turns: 4081, Time: 00:11:16

Health: -15/35     AC:  2    Str:  9    XL:     5   Next: 56%
Magic:  5/8        EV: 19    Int: 16    God:    Wu Jian [......]
Gold:   231        SH:  0    Dex: 18    Spells: 4/8 levels left

rFire    . . .     SeeInvis +     - Unarmed
rCold    . . .     Faith    .   (shield currently unavailable)
rNeg     . . .     Spirit   .   (helmet currently unavailable)
rPois    x         Reflect  .   (no amulet)
rElec    .         Harm     .   n - ring of see invisible
rCorr    .         Rampage  .   (no ring)
Will     .....                  (no ring)
Stlth    ++........             (no ring)
HPRegen  0.11/turn              (no ring)
MPRegen  0.11/turn              (no ring)
                                (no ring)
                                (no ring)

@: spider-form (expiring)
A: venomous fangs, almost no armour, (amphibious), 8 rings, tiny, (camouflage
1), (gelatinous body 1), (nimble swimmer 1), (tentacles)
a: End Transformation, Renounce Religion


You were on level 4 of the Dungeon.
You worshipped Wu Jian.
Wu Jian was noncommittal.
You were a venomous arachnid creature.
You visited 1 branch of the dungeon, and saw 4 of its levels.

You collected 231 gold pieces.

Inventory:

Hand Weapons
 l - a +0 short sword of freezing
Missiles
 d - 15 poisoned darts
 m - 5 atropa-tipped darts
Jewellery
 n - a ring of see invisible (left front leg)
Wands
 k - a wand of paralysis (10)
Scrolls
 c - a scroll of teleportation {unknown}
 e - a scroll of amnesia
 i - a scroll of fog {unknown}
 p - a scroll of magic mapping {unknown}
Potions
 a - a potion of cancellation
 b - 2 potions of ambrosia
 f - 2 potions of heal wounds {@q2}
 h - a potion of lignification {unknown}
 j - a potion of mutation {unknown}
 o - a potion of haste {unknown}


   Skills:
 - Level 2.3 Fighting
 - Level 2.0 Dodging
 + Level 4.6 Unarmed Combat
 - Level 2.0 Spellcasting
 * Level 2.4 Transmutations
 - Level 3.0 Poison Magic


You had 4 spell levels left.
You knew the following spells:

 Your Spells              Type           Power      Damage    Failure   Level
a - Beastly Appendage     Tmut           18%        N/A       21%         1
q - Spider Form           Tmut/Pois      5%         N/A       41%         3

Your spell library contained the following spells:

 Spells                   Type           Power      Damage    Failure   Level
 Wereblood                Tmut           9%         N/A       28%         2
 Ice Form                 Ice/Tmut       5%         N/A       90%         4
 Hydra Form               Tmut           4%         N/A       98%         5


Dungeon Overview and Level Annotations

Branches:
Dungeon (4/15)
 Temple: D:4-7

Altars:
Wu Jian

Shops:
D:4 [

Annotations:
D:4 exclusion: 2 scorpions


Innate Abilities, Weirdness & Mutations

You are a venomous arachnid creature.
You have poisonous fangs.
You are tiny and dextrous.
Your spellcasting is less reliable in this form.
Your armour is entirely melded.
You are incapable of wielding weapons or throwing items.
You cannot wear most types of armour.
((You are amphibious.))
You can wear up to eight rings at the same time.
((Your skin changes colour to match your surroundings (Stealth+).))
((Your rubbery body absorbs attacks. (AC +1, EV +1)))
((You are camouflaged near water. (Stealth+)))
((You have tentacles for arms and can constrict up to eight enemies at once.))


Message History

The spell is quite dangerous to cast (21% risk of failure)!
Continue anyway?
Okay, then.
Unknown command.
The ogre shouts!
Casting: Beastly Appendage (safe; 8% risk of failure)
Press: ? - help, Q - select action, (/) - cycle Dir - look around, f - activate
Okay, then.
Throw: 7 darts (atropa)
Press: ? - help, Shift-Dir - straight line, f - ogre
Aim: an ogre, wielding a +0 giant club (73% to hit, chance to blind on hit: 27%)
You throw an atropa-tipped dart. The atropa-tipped dart hits the ogre.
The ogre resists.
Throw: 6 darts (atropa)
Press: ? - help, Shift-Dir - straight line, f/p - ogre
Aim: an ogre, wielding a +0 giant club (73% to hit, chance to blind on hit: 27%)
You throw an atropa-tipped dart. The atropa-tipped dart hits the ogre.
The ogre appears confused.
Casting: Beastly Appendage (safe; 8% risk of failure)
Confirm with . or Enter, or press ? or * to list all spells.
The spell is quite dangerous to cast (21% risk of failure)!
Continue anyway?
You turn into a venomous arachnid creature.
The ogre seems less confused.
The ogre hits you with a +0 giant club!!
Ouch! That really hurt!
* * * LOW HITPOINT WARNING * * *
The ogre is no longer blind.
Okay, then.
Aiming: Paralyse
Press: ? - help, Shift-Dir - straight line, f/p - ogre
Aim: an ogre, wielding a +0 giant club (chance to affect: 46%)
The ogre resists with some effort.
Your transformation is almost over.
The ogre closely misses you.
Aiming: Paralyse
Press: ? - help, Shift-Dir - straight line, f/p - ogre
Aim: an ogre, wielding a +0 giant club (chance to affect: 46%)
The ogre resists with some effort.
The ogre hits you with a +0 giant club!!
Ouch! That really hurt!
You die...

#.## ##.## #.#
#.##########>..## #.#
#.#.............#######.#
#.#.#######....###......#
##.#.#######.#.####.######
#...................#
##.#.#######.#.######
###.........#.#
###########s# #O# #.# #.#
# #.# #. #.#
###.###(#######
........(.....#
###.#......##.#


You could see an ogre.

Vanquished Creatures
  A water moccasin skeleton (D:4)
  An iguana (D:4)
  A howler monkey skeleton (D:4)
  3 adders
  2 worms
  6 endoplasms
  A giant cockroach (D:3)
  10 goblins
  8 hobgoblins
  2 quokkas
  5 ball pythons
  2 bats
  4 frilled lizards
  10 kobolds
  A rat (D:1)
57 creatures vanquished.

Notes
Turn   | Place    | Note
-------+----------+-------------------------------------------
     0 | D:1      | 1player the Octopode Transmuter began the quest for the
                  | Orb.
     0 | D:1      | Reached XP level 1. HP: 13/13 MP: 3/3
    44 | D:1      | Reached skill level 1 in Poison Magic
   211 | D:1      | Reached XP level 2. HP: 17/18 MP: 3/5
  1422 | D:2      | Reached XP level 3. HP: 18/23 MP: 4/6
  1426 | D:2      | Learned a level 3 spell: Spider Form
  2350 | D:3      | Reached XP level 4. HP: 28/28 MP: 5/7
  2551 | D:3      | Found an ornate altar of the Wu Jian Council.
  2558 | D:3      | Became a worshipper of the Wu Jian Council
  3025 | D:3      | Found a faded altar of an unknown god.
  3387 | D:4      | Noticed a scorpion
  3449 | D:4      | Found Reruepn's Armour Emporium.
  3454 | D:4      | Noticed an ogre
  3524 | D:4      | Reached skill level 4 in Unarmed Combat
  3524 | D:4      | Reached XP level 5. HP: 23/34 MP: 5/8
  4081 | D:4      | Demolished by an ogre

Illustrated notes

Levels and vault maps discovered:
D:1:      heliophobic_arrival_battle_scene, layout_basic, serial_glass,
          glass_columns_b, glass_columns_a
D:2:      layout_basic
D:3:      layout_loops_cross, lemuel_crystal_altar,
          chequers_ecumenical_altar_simple_redux, grunt_decor_clamped,
          hangedman_decor_clover_reticule, hangedman_glass_teeth,
          kennysheep_generic_room_15
D:4:      layout_loops_corners, serial_shops, shop

Skill      XL: |  1  2  3  4 |
---------------+-------------+-----
Poison Magic   | 1 3 |  3.0
Fighting       | 2 |  2.3
Unarmed Combat | 4 |  4.6
Dodging        | |  2.0
Spellcasting   | |  2.0
Transmutations | |  2.4

Action                   |  1- 3 |  4- 6 || total
-------------------------+-------+-------++-------
Melee: Unarmed           |    70 |    65 ||   135
       Constrict         |    21 |     8 ||    29
       Tentacles         |    10 |     4 ||    14
       Kick              |    17 |     2 ||    19
Throw: Dart              |       |     2 ||     2
 Cast: Beastly Appendage |    21 |     3 ||    24
       Spider Form       |     3 |    10 ||    13
Invok: Lunge             |       |     4 ||     4
Evoke: Wand              |       |     2 ||     2
  Use: Scroll            |     2 |     2 ||     4
       Potion            |       |     1 ||     1
 Stab: Sleeping          |     4 |     2 ||     6
Armor: Skin              |     6 |     5 ||    11
Dodge: Dodged            |    33 |    46 ||    79

Table legend: (Time is in decaauts)
 A = Elapsed time spent in this place.
 B = Non-inter-level travel time spent in this place.
 C = Inter-level travel time spent in this place.
 D = Time resting spent in this place.
 E = Time spent auto-exploring this place.
 F = Levels seen in this place.
 G = Mean time per level.
                   A        B        C        D        E       F      G
               +--------+--------+--------+--------+--------+-----+--------+
         Total |   4072 |   3923 |    149 |    979 |   1726 |   4 | 1018.0 |
       Dungeon |   4072 |   3923 |    149 |    979 |   1726 |   4 | 1018.0 |
               +--------+--------+--------+--------+--------+-----+--------+

Top non-repeatable levels by time:
     D:3: 1224 daAuts
     D:2: 1123 daAuts
     D:1: 1048 daAuts
     D:4: 676 daAuts
